 Dungeon Crawl Stone Soup version 0.28.0-53-g5a82cb258f (console) character file.

Game seed: 5690350912292192642

2074794 Hector the Slayer (level 27, 224/224 HPs)
             Began as a Djinni Air Elementalist on Oct 19, 2022.
             Was the Champion of Lugonu.
             Escaped with the Orb
             ... and 4 runes on Oct 25, 2022!
             The game lasted 12:51:22 (87387 turns).

Hector the Slayer (Djinni Air Elementalist)        Turns: 87387, Time: 12:51:23

Health: 224/224    AC: 17    Str: 11    XL:     27
Gold:   8685       EV: 25    Int: 28    God:    Lugonu [******] SH: 21 Dex: 21

rFire   + + +      SeeInvis +   a - +8 falchion {protect, rElec rN+ Will++}
rCold   . . .      Faith    .   i - +5 kite shield {rC+}
rNeg    + + .      Spirit   +   d - +4 moon troll leather armour {Spirit, Regen++ MP+5}
rPois   ∞          Reflect  .   h - +2 hat
rElec   +          Harm     .   e - +2 cloak {rCorr}
rCorr   +          Rampage  .   g - +2 pair of gloves
Will    ++++.      Clarity  +   (boots unavailable)
Stlth   +.........              l - amulet "Saanivosm" {RegenMP rF+ rN+ SInv}
HPRegen 2.07/turn               V - ring "Woomuna" {EV+4 Slay+6}
MPRegen 0.00/turn               W - ring of Pam Himm {Wiz Fly Str+4}

@: flying
A: sickness immunity, fire resistance 2, cold vulnerability 1, float, innate
caster, HP casting, extra vitality 1, horns 1, agile 2, clarity
0: Orb of Zot
}: 4/15 runes: barnacled, slimy, silver, gossamer
a: Renounce Religion, Depart the Abyss, Bend Space, Banish, Corrupt, Enter the
Abyss, Brand Weapon With Distortion


You escaped.
You worshipped Lugonu.
Lugonu was exalted by your worship.
You visited 12 branches of the dungeon, and saw 57 of its levels.
You also visited: Trove, Bailey, Gauntlet and Ice Cave.

You collected 11898 gold pieces.
You spent 3213 gold pieces at shops.

Inventory:

Hand Weapons
 a - the +8 falchion "Isilud" (weapon) {protect, rElec rN+ Will++}
   (You found it on level 2 of the Spider Nest)

   It grants its wielder temporary protection when it strikes (+7 to AC).
   rElec:     It insulates you from electricity.
   rN:        It protects you from negative energy.
   Will:      It greatly increases your willpower.
 f - the +4 double sword of Buonal {freeze, rN+}
   (You found it in a treasure trove)

   It freezes those it strikes, dealing additional cold damage.
   It can also slow down cold-blooded creatures.
   rN:        It protects you from negative energy.
Armour
 d - the +4 moon troll leather armour (worn) {Spirit, Regen++ MP+5}
   (You bought it in a shop on level 9 of the Dungeon)

   MP:        It affects your magic capacity (+5).
   Regen:     It increases your rate of health regeneration.
 e - a +2 cloak of preservation (worn)
 g - a +2 pair of gloves (worn)
 h - a +2 hat (worn)
 i - a +5 kite shield of cold resistance (worn)
 A - a +1 helmet
Magical Staves
 c - a staff of cold
 u - a staff of conjuration
 x - a staff of fire
Jewellery
 l - the amulet "Saanivosm" (around neck) {RegenMP rF+ rN+ SInv}
   (You found it on level 5 of the Pits of Slime)

   [amulet of magic regeneration]

   It increases your rate of magic regeneration.
   rF:        It protects you from fire.
   rN:        It protects you from negative energy.
   SInv:      It lets you see invisible.
 F - a ring of protection from fire
 L - an amulet of reflection
 P - the macabre finger necklace {rN+}
   (You took it off a vault guard on level 5 of the Vaults)

   [amulet of nothing]

   It enables you to equip an extra ring.
   rN:        It protects you from negative energy.
 R - an amulet of regeneration
 S - the ring of Ekkef {rPois MP+9 Int+3 Slay-6 SInv}
   (You took it off a deep elf demonologist on level 3 of the Elven Halls)

   [ring of magical power]

   Int:       It affects your intelligence (+3).
   Slay:      It affects your accuracy & damage with ranged weapons and melee
   (-6).
   rPois:     It protects you from poison.
   MP:        It affects your magic capacity (+9).
   SInv:      It lets you see invisible.
 V - the ring "Woomuna" (left hand) {EV+4 Slay+6}
   (You took it off an ironbound convoker on level 5 of the Vaults)

   [ring of evasion]

   EV:        It affects your evasion (+4).
   Slay:      It affects your accuracy & damage with ranged weapons and melee
   (+6).
 W - the ring of Pam Himm (right hand) {Wiz Fly Str+4}
   (You took it off a vault guard on level 5 of the Vaults)

   [ring of wizardry]

   It improves your spell success rate.
   Str:       It affects your strength (+4).
   Fly:       It grants you flight.
Wands
 b - a wand of flame (14)
 k - a wand of mindburst (46)
 D - a wand of digging (11)
 K - a wand of iceblast (39)
 O - a wand of acid (40)
Scrolls
 o - 33 scrolls of teleportation
 p - 4 scrolls of enchant armour
 v - 13 scrolls of fog
 y - 8 scrolls of holy word
 E - 5 scrolls of blinking
 G - 4 scrolls of noise
 J - 4 scrolls of summoning
 T - 7 scrolls of fear
Potions
 j - 33 potions of curing
 s - 3 potions of haste
 t - 11 potions of might
 w - 7 potions of resistance
 z - 8 potions of ambrosia
 B - 13 potions of heal wounds
 H - 12 potions of berserk rage
 I - 18 potions of mutation
 M - 5 potions of cancellation
 X - 4 potions of invisibility
 Y - 3 potions of brilliance
Miscellaneous
 n - a lightning rod (4/4)
 r - a box of beasts
 U - a phantom mirror


   Skills:
 * Level 26.3 Fighting
 - Level 14.0 Long Blades
 - Level 4.0 Armour
 - Level 13.7 Dodging
 - Level 1.5 Stealth
 * Level 17.7 Shields
 - Level 26.0 Spellcasting
 - Level 10.5 Invocations


You couldn't memorise any spells.
You knew the following spells:

 Your Spells              Type           Power      Damage    Failure   Level
a - Airstrike             Air            55%        N/A       0%          4
b - Fire Storm            Conj/Fire      55%        8d14      1%          9
c - Swiftness             Air            100%       N/A       0%          3
d - Static Discharge      Conj/Air       100%       N/A       0%          2
e - Animate Skeleton      Necr           100%       N/A       0%          1
f - Haunt                 Necr/Summ      55%        N/A       1%          7
g - Malign Gateway        Summ/Tloc      55%        N/A       1%          7
h - Summon Hydra          Summ           55%        N/A       1%          7
i - Ignition              Fire           55%        3d15      1%          8
r - Frozen Ramparts       Ice            100%       1d12      0%          3
s - Sticky Flame          Conj/Fire      100%       2d11      0%          4
v - Summon Mana Viper     Hex/Summ       100%       N/A       0%          5
x - Summon Horrible Thin  Summ           55%        N/A       1%          8
z - Shock                 Conj/Air       100%       1d9       0%          1
I - Call Imp              Summ           100%       N/A       0%          2
M - Statue Form           Tmut/Erth      73%        N/A       0%          6
P - Silence               Hex/Air        55%        N/A       0%          5
Your spell library was empty.

Dungeon Overview and Level Annotations

Branches:
Dungeon (15/15)            Temple (0/1) D:4            Lair (6/6) D:10
 Shoals (4/4) Lair:4       Spider (4/4) Lair:3        Slime (5/5) Lair:6
    Orc (2/2) D:9             Elf (3/3) Orc:2        Vaults (5/5) D:13
  Crypt (3/3) Vaults:3       Tomb (1/3) Crypt:3      Depths (4/4) D:15
    Zot (5/5) Depths:4     Bailey (visited)           IceCv (visited)
Gauntlet (visited)

Altars:
Ashenzari
Dithmenos
Gozag
Kikubaaqudgha
Nemelex Xobeh
Okawaru
Ru
Trog
Vehumet
Wu Jian
Xom
Yredelemnul
Zin
Beogh
Jiyva
Lugonu

Shops:
D:6 *   D:9 *   D:11 :   D:12 !   Orc:2 !*?:   Elf:3 ![   Vaults:1 [
Vaults:5 (   Depths:4 *

Portals:
Hell: Depths:1 Depths:2 Depths:3 Depths:4
Abyss: Depths:2 Depths:3
Pandemonium: Depths:2
Ziggurat: Depths:1

Annotations:
Elf:2 5 runed translucent doors


Innate Abilities, Weirdness & Mutations

You are immune to sickness and miasma.
You are immune to poison.
Your flesh is very heat resistant. (rF++)
You are vulnerable to cold. (rC-)
You float through the air rather than walking.
You learn spells naturally, not from books.
Your magical power is your life essence.
You have superior vitality. (+4 MHP)
You have a pair of small horns on your head.
You are very agile. (Dex +4)
You possess an exceptional clarity of mind.


Message History

Press: ? - help, Dir - move target, f - smoke demon
Aim: a smoke demon A raging storm of fire appears!
The great blast of fire engulfs the smoke demon!!
The smoke demon partially resists.
The smoke demon is severely wounded.
Casting: Fire Storm (dangerous; 1% risk of failure)
Confirm with . or Enter, or press ? or * to list all spells.
Aiming: Fire Storm (dangerous; 1% risk of failure)
Press: ? - help, Dir - move target, f/p - smoke demon
Aim: a smoke demon (flame, severely wounded)
A raging storm of fire appears!
The great blast of fire engulfs the smoke demon!!
The smoke demon partially resists.
You kill the smoke demon!
Lugonu accepts your kill.
(D) Dungeon (T) Temple (L) Lair (A) Shoals (N) Spider Nest (M) Slime Pits (O) Orcish Mines (E) Elven Halls (V) Vaults (C) Crypt (W) Tomb (U) Depths (H) Hell (Z) Zot
Where to? (* - list waypoints, Enter - D:1, ? - help)
You swap places.
There is a stone staircase leading up here.
You fly upwards.
Your summoned allies are left behind.
There is a stone staircase leading down here.
HP restored.
There is a stone staircase leading up here.
You fly upwards.
There is a stone staircase leading down here.
Things that are here:
a +0 club; a +0 dagger You see here a +0 club.
There is an escape hatch in the ceiling here.
A mysterious force pulls you upwards. The hatch slams shut behind you.
There is a stone staircase leading up here.
You fly upwards.
There is a stone staircase leading down here.
There is a staircase leading out of the dungeon here.
Enter note: Woot!
You have escaped!

....##...# #.##P≈≈#
######.### #≈PP##.#
.....#.# #P≈P##.#
######.#####≈≈P...#
#...≈P≈#####.#
###.##≈PP# #.#
####.#.##P≈P# ###.#
.....#P≈P##.# #...#
######≈≈P##.###.@.#
#≈P≈.........#
##############


There were no monsters in sight!

Vanquished Creatures
  the Royal Jelly (Slime:5)
  An ancient lich (Zot:5)
  4 dread liches (Zot:5)
  8 orbs of fire
  2 Killer Klowns (Zot:2)
  8 golden dragons
  The ghost of jjjjhere the Slayer, an adept MiWz of Lugonu (Vaults:4)
  A Brimstone Fiend (Zot:5)
  4 electric golems
  3 liches
  12 tentacled monstrosities
  22 Orb Guardians (Zot:5)
  A quicksilver dragon (shapeshifter) (Vaults:5)
  5 titans (Vaults:5)
  3 deep elf blademasters
  6 quicksilver dragons
  14 acid blobs
  An Executioner (D:6)
  Frances (D:14)
  9 death cobs
  A sphinx (Vaults:3)
  12 storm dragons
  2 tengu reavers (Vaults:5)
  14 draconian monks
  An azure jelly (shapeshifter) (Depths:3)
  8 shadow dragons
  5 azure jellies
  A revenant (Crypt:1)
  9 rockslimes (Slime:5)
  9 vault wardens
  4 draconian knights
  A deep elf sorcerer (Elf:3)
  3 draconian shifters
  An emperor scorpion (Spider:4)
  2 frost giants
  7 draconian scorchers
  An orc warlord (Vaults:3)
  4 draconian stormcallers
  A cacodemon (D:6)
  8 quicksilver oozes
  A curse skull (Crypt:1)
  A caustic shrike skeleton (Crypt:1)
  5 ironbound preservers
  3 ghost moths
  8 stone giants
  A quicksilver ooze (shapeshifter) (Depths:3)
  A stone giant (shapeshifter) (Depths:3)
  A spriggan defender (Depths:3)
  Nessos (Lair:6)
  7 draconian annihilators
  13 very ugly things
  3 war gargoyles
  The ghost of cbfl8 the Severer, a journeyman MiBe of Trog (D:14)
  2 grey draconians (Depths:4)
  4 vampire knights
  11 green draconians
  12 white draconians
  An ironbound thunderhulk (Vaults:1)
  2 lorocyprocas
  3 deep elf annihilators (Elf:3)
  3 deep elf demonologists
  15 red draconians
  A minotaur (shapeshifter) (Depths:3)
  3 minotaurs
  15 purple draconians
  4 entropy weavers
  3 spark wasps (Depths:2)
  Azrael (Spider:3)
  A dire elephant (Vaults:4)
  17 yellow draconians
  2 blizzard demons (Depths:3)
  11 black draconians
  5 ettins
  2 deep elf death magi
  2 jiangshi (Crypt:1)
  4 hydras
  A merfolk impaler (Shoals:3)
  Harold (Lair:1)
  Fannar (D:11)
  13 yaktaur captains
  12 vault guards
  5 great orbs of eyes
  A naga warrior (Vaults:4)
  3 rakshasas
  3 ice dragons
  A spriggan zombie (Crypt:1)
  4 boulder beetles
  A catoblepas (shapeshifter) (Vaults:5)
  A jorogumo (shapeshifter) (Depths:2)
  An anaconda (shapeshifter) (Depths:3)
  4 spriggan air magi (Depths:2)
  3 catoblepae (Lair:6)
  A radroach (Spider:4)
  2 merfolk aquamancers (Shoals:4)
  3 death knights
  A merfolk avatar (Shoals:4)
  A spriggan skeleton (Crypt:1)
  5 centaur warriors
  2 deep troll shamans (Depths:2)
  2 deep troll earth magi (Depths:1)
  4 tengu warriors
  9 death yaks
  A satyr (Shoals:3)
  A thrashing horror (Gauntlet)
  5 death scarabs (Tomb:1)
  5 ironbound frosthearts
  4 two-headed ogres
  2 spriggan berserkers
  9 dancing weapons
  A vampire mage (Depths:2)
  A soul eater (Depths:1)
  Urug (D:12)
  4 deep elf knights
  An orc high priest (Orc:2)
  A spriggan (Depths:2)
  A shadow wraith (Vaults:3)
  2 iron trolls (Depths:2)
  The ghost of Valamore the Severer, a novice HOMo of Okawaru (D:8)
  A sun moth (Spider:3)
  A pharaoh ant (Spider:2)
  13 skeletal warriors
  19 deep trolls
  2 quicksilver dragon simulacra
  A sixfirhy (D:6)
  3 sea snakes
  2 goliath frogs (shapeshifter)
  A steelbarb worm (Spider:3)
  3 orb spiders (Spider:4)
  7 ironbound convokers
  A flayed ghost (Crypt:2)
  A kraken simulacrum (Shoals:3)
  4 phantasmal warriors
  4 glowing orange brains
  6 deep elf archers
  A tengu zombie (Depths:2)
  9 orc knights
  3 wizards
  7 lindwurms (Vaults:3)
  12 deep elf pyromancers
  7 necromancers
  12 deep elf zephyrmancers
  A wolf spider (shapeshifter) (Vaults:5)
  5 harpies
  18 ugly things
  A manticore (shapeshifter) (D:14)
  5 wolf spiders
  3 orc sorcerers
  5 fauns
  6 cyclopes
  19 moths of wrath
  5 elephants
  6 manticores
  2 shining eyes (Slime:5)
  4 black mambas
  2 merfolk sirens
  Maurice (D:9)
  A frost giant skeleton (Vaults:1)
  6 vault sentinels
  2 torpor snails
  4 water nymphs
  Maggie (D:6)
  Joseph (D:9)
  2 eyes of devastation
  An orange demon (D:6)
  2 smoke demons
  An ice statue (IceCv)
  7 cane toads
  A naga skeleton (Crypt:3)
  An unseen horror (Depths:2)
  A demonic crawler (Spider:1)
  A yaktaur zombie (Vaults:4)
  3 rime drakes
  40 yaktaurs
  2 freezing wraiths
  A guardian mummy (Tomb:1)
  4 komodo dragons
  A tengu conjurer (Gauntlet)
  A yaktaur (shapeshifter) (Vaults:5)
  A red devil (Zot:5)
  2 harpy zombies (Shoals:1)
  4 merfolk
  2 meliai
  4 trolls
  4 wind drakes
  2 polar bears
  A raiju (shapeshifter) (D:14)
  16 tarantellas
  48 slime creatures
  4 hornets
  A tarantella (shapeshifter) (Elf:3)
  5 dream sheep
  15 blink frogs
  A death drake skeleton (Crypt:1)
  24 flying skulls
  A snapping turtle (Shoals:4)
  A culicivora (shapeshifter) (D:14)
  11 jumping spiders
  2 air elementals (Depths:3)
  2 shadows
  An ettin skeleton (Vaults:1)
  6 water elementals
  Sigmund (D:5)
  3 wraiths
  6 culicivoras
  46 yaks
  Eustachio (D:4)
  Grum (D:9)
  4 basilisks
  4 small abominations
  7 wyverns
  5 fire elementals
  4 sea snake simulacra (Shoals:3)
  A neqoxec (D:8)
  3 alligator snapping turtle simulacra (Shoals:3)
  9 golden eyes
  A steam dragon (D:6)
  5 death yak simulacra (Shoals:3)
  A yaktaur simulacrum (Vaults:4)
  A warg (Orc:2)
  16 redbacks
  3 harpy simulacra (Shoals:3)
  5 acid dragons
  7 vampire mosquitoes
  A large abomination (Depths:2)
  A water moccasin (shapeshifter) (Vaults:5)
  2 floating eyes
  A hell hound (Spider:3)
  17 orc warriors
  A black bear (D:5)
  16 water moccasins
  2 sky beasts
  2 swamp drakes (Lair:6)
  An ice beast (D:8)
  4 necrophages
  4 boggarts (D:14)
  A black mamba simulacrum (Crypt:2)
  8 centaurs
  6 ogres
  32 wolves
  2 kobold brigands
  A torpor snail zombie (Crypt:1)
  5 bullfrogs
  An earth elemental (Elf:2)
  A gnoll sergeant (D:7)
  A merfolk simulacrum (Shoals:3)
  A faun simulacrum (Shoals:3)
  7 scorpions
  6 killer bees (D:8)
  A swamp dragon simulacrum (Crypt:2)
  4 snapping turtle simulacra (Shoals:3)
  8 howler monkeys
  4 electric eels
  4 centaur zombies
  18 orc priests
  A gnoll shaman (D:6)
  An iguana (shapeshifter) (Depths:3)
  A jelly (D:5)
  A bullfrog skeleton (D:7)
  Natasha (thrice) (D:3)
  3 iguanas
  28 orc wizards
  A killer bee zombie (D:8)
  A demigod zombie (Crypt:2)
  6 nameless horrors
  A centaur simulacrum (Shoals:3)
  A hound skeleton (D:5)
  2 mummies (Tomb:1)
  A howler monkey zombie (D:9)
  A gnoll (shapeshifter) (D:8)
  9 adders
  8 gnolls
  2 worms
  6 dart slugs
  81 orcs
  11 endoplasms
  5 giant cockroaches
  6 hobgoblins
  4 jackals
  15 kobolds
  5 quokkas
  6 ball pythons
  3 bats
  2 frilled lizards
  11 goblins
  6 rats
  A ball lightning (Depths:3)
1471 creatures vanquished.

Vanquished Creatures (collateral kills)
  The ghost of Vihagaha the Slayer, a master DjCj of Elyvilon (Zot:4)
  A dread lich (Crypt:3)
  2 Killer Klowns (Zot:5)
  Bai Suzhen (Depths:2)
  Saint Roka (Elf:3)
  2 curse toes
  3 golden dragons
  Nikola (Depths:2)
  A bone dragon (Crypt:3)
  An electric golem (Zot:2)
  6 tentacled monstrosities
  Jorgrun (Orc:1)
  6 quicksilver dragons
  3 Orb Guardians (Zot:5)
  Asterion (Spider:4)
  4 liches
  A deep elf blademaster (Elf:3)
  4 acid blobs
  2 deep elf master archers (Elf:3)
  A titan (Vaults:5)
  2 ancient champions (Crypt:2)
  2 eldritch tentacles
  3 sphinxes
  3 death cobs
  2 krakens (Shoals:2)
  5 shadow dragons
  2 storm dragons
  A tengu reaver (Vaults:5)
  3 revenants
  Roxanne (Shoals:4)
  An azure jelly (Slime:5)
  6 fire giants
  A draconian knight (Depths:4)
  3 vault wardens
  4 deep elf sorcerers
  A balrug (Depths:1)
  3 ghost moths
  4 spectral caustic shrikes (Depths:4)
  Aizul (Shoals:2)
  6 frost giants
  4 emperor scorpions (Spider:4)
  A draconian scorcher (Depths:4)
  A draconian shifter (Zot:1)
  5 ironbound preservers
  7 very ugly things
  A quicksilver ooze (shapeshifter) (Depths:3)
  2 deep elf elementalists (Elf:3)
  2 broodmothers
  A juggernaut skeleton (Crypt:3)
  8 war gargoyles
  4 ironbound thunderhulks
  3 green draconians
  16 stone giants
  2 black draconians
  4 deep elf annihilators
  5 vampire knights
  6 dire elephants
  6 spark wasps
  A deep elf demonologist (Elf:3)
  A yellow draconian (Zot:1)
  A white draconian (Zot:4)
  3 red draconians
  4 merfolk javelineers (Shoals:4)
  The ghost of kudzoo the Grappler, a journeyman TrHu of Okawaru (Orc:2)
  The ghost of Fyibin the Arsonist, a journeyman DrFE of Ashenzari (Lair:4)
  4 ettins
  3 crystal guardians (Crypt:3)
  9 merfolk impalers
  An eidolon (Crypt:1)
  8 fire dragons
  10 deep elf death magi
  5 jiangshi
  5 yaktaur captains
  5 deep elf high priests
  A spriggan zombie (Crypt:1)
  18 vault guards
  A great orb of eyes (Slime:5)
  An ice dragon (shapeshifter) (Depths:3)
  A boulder beetle (D:14)
  A hell beast (Depths:1)
  2 naga warriors (Vaults:4)
  An ice dragon (Depths:1)
  A jorogumo (Spider:4)
  6 hydras
  2 peacekeepers
  Erica (Lair:1)
  2 spriggan air magi
  An alligator snapping turtle (Shoals:3)
  3 rakshasas
  A fenstrider witch skeleton (Crypt:3)
  2 radroaches
  4 merfolk aquamancers
  2 ironbound frosthearts
  2 catoblepae (Lair:6)
  6 death yaks
  2 merfolk avatars
  A two-headed ogre (D:12)
  3 death knights
  4 centaur warriors
  22 dancing weapons
  A titan zombie (Crypt:3)
  4 deep troll shamans
  4 deep troll earth magi
  2 tengu warriors
  3 vampire magi
  A soul eater (Crypt:2)
  2 orc high priests (Orc:2)
  A storm dragon zombie (Crypt:1)
  2 spriggan berserkers (Depths:2)
  The ghost of pesado the Tainter, a novice DsVM of Kikubaaqudgha (Orc:2)
  9 hell knights
  9 deep elf knights
  11 iron trolls
  31 skeletal warriors
  2 sun moths
  A shadow wraith (Crypt:2)
  A golden dragon zombie (Crypt:3)
  7 sea snakes
  A sea snake (shapeshifter) (Depths:2)
  3 pharaoh ants
  A titan skeleton (Crypt:3)
  4 steelbarb worms
  5 glowing orange brains
  5 orb spiders
  8 deep elf archers
  2 flayed ghosts
  17 deep trolls
  A death drake (shapeshifter) (Vaults:5)
  A golden dragon skeleton (Depths:2)
  8 ironbound convokers
  4 obsidian statues (Depths:3)
  6 orc knights
  An anaconda skeleton (Crypt:1)
  7 necromancers
  2 wizards (Vaults:1)
  6 phantasmal warriors
  8 deep elf zephyrmancers
  2 lindwurms (Vaults:3)
  11 deep elf pyromancers
  13 harpies
  3 cyclopes
  12 fauns
  26 ugly things
  5 orc sorcerers
  A salamander (D:15)
  23 wolf spiders
  17 manticores
  6 nameless horrors
  2 fire giant zombies
  4 moths of wrath
  2 black mambas
  A stone giant skeleton (Crypt:3)
  5 merfolk sirens
  A centaur zombie (Crypt:3)
  A fire giant skeleton (Vaults:1)
  A water nymph (shapeshifter) (Vaults:5)
  2 molten gargoyles (Depths:3)
  2 torpor snails
  8 elephants
  3 cane toads
  A death yak zombie (Crypt:1)
  6 vault sentinels
  A centaur skeleton (Crypt:3)
  A rime drake (IceCv)
  5 water nymphs
  A yaktaur (shapeshifter) (Depths:3)
  8 komodo dragons
  A dire elephant skeleton (Crypt:3)
  A sea snake zombie (Crypt:1)
  6 demonic crawlers
  8 yaktaurs
  A purple draconian skeleton (Crypt:1)
  2 ice devils (Lair:3)
  A tengu conjurer (Gauntlet)
  A freezing wraith (Crypt:1)
  2 harpy zombies (Shoals:1)
  A merfolk (shapeshifter) (Elf:1)
  26 merfolk
  A black draconian skeleton (Crypt:2)
  2 human skeletons
  4 meliai
  8 polar bears
  5 wind drakes
  2 trolls
  A meliai (shapeshifter) (D:8)
  3 blink frogs
  12 tarantellas
  31 slime creatures
  2 ice dragon zombies (Crypt:2)
  12 snapping turtles
  2 dream sheep (Shoals:3)
  A blink frog (shapeshifter) (D:8)
  An ettin zombie (Crypt:3)
  6 jumping spiders
  A black mamba zombie (Crypt:1)
  2 air elementals (Depths:3)
  2 vampires
  2 shapeshifters
  A merfolk zombie (Crypt:3)
  10 culicivoras
  13 flying skulls (Crypt:3)
  17 water elementals
  An ushabti (Tomb:1)
  An ettin skeleton (Crypt:3)
  A human (shapeshifter) (Depths:3)
  28 yaks
  A yak (shapeshifter) (Vaults:4)
  2 chaos spawn (Depths:2)
  2 golden eyes (Slime:4)
  5 fire elementals (Depths:3)
  25 redbacks
  7 large abominations (Depths:2)
  A two-headed ogre zombie (Crypt:1)
  A warg (Orc:2)
  2 hell hounds (Spider:3)
  2 water moccasins
  A merfolk skeleton (Crypt:2)
  13 orc warriors
  2 manticore zombies (Shoals:1)
  A lindwurm zombie (Crypt:2)
  A hornet zombie (Crypt:2)
  11 wolves
  4 ogres
  2 manticore skeletons (Crypt:1)
  2 small abominations (Depths:2)
  A bullfrog (Lair:2)
  2 scorpions (Lair:3)
  A wyvern zombie (Crypt:2)
  12 earth elementals
  A polar bear zombie (Crypt:2)
  A basilisk zombie (Crypt:1)
  2 orc wizards
  25 orcs
  A bat zombie (Shoals:1)
  A ball python zombie (Crypt:2)
  A ball lightning (Depths:3)
  A plant (Shoals:1)
  A tentacle (Shoals:2)
1041 creatures vanquished.

Vanquished Creatures (others)
  154 eldritch tentacles
  A vampire knight (Crypt:2)
  A vault guard (Vaults:5)
  A dancing weapon (Crypt:3)
  A glowing orange brain (Depths:3)
  A deep elf zephyrmancer (Elf:1)
  A yak (Lair:6)
  A faun skeleton (Crypt:2)
  An orc (Orc:1)
  6 ball lightnings (Depths:3)
  343 fire vortices
  53 fungi
  107 plants
  8 tentacles (Shoals:2)
  A withered plant (Gauntlet)
680 creatures vanquished.

Grand Total: 3192 creatures vanquished

Notes
Turn   | Place    | Note
-------+----------+-------------------------------------------
     0 | D:1      | Hector the Djinni Air Elementalist began the quest for the
                  | Orb.
     0 | D:1      | Reached XP level 1. HP: 15/15 MP: 0/0
   210 | D:1      | Reached XP level 2. HP: 20/22 MP: 0/0
   638 | D:1      | Reached XP level 3. HP: 23/26 MP: 0/0
   638 | D:1      | Learned a level 1 spell: Animate Skeleton
   694 | D:1      | Reached skill level 1 in Fighting
  2032 | D:2      | Reached XP level 4. HP: 27/32 MP: 0/0
  2751 | D:3      | Reached XP level 5. HP: 29/38 MP: 0/0
  2751 | D:3      | Learned a level 2 spell: Call Imp
  3216 | D:3      | Noticed Natasha
  3987 | D:3      | Found a faded altar of an unknown god.
  4003 | D:3      | Prayed at the altar of an unknown god.
  4003 | D:3      | Became a worshipper of Lugonu the Unformed
  4003 | D:3      | Reached * piety under Lugonu
  4003 | D:3      | Reached ** piety under Lugonu
  4346 | D:4      | Reached XP level 6. HP: 43/43 MP: 0/0
  4546 | D:4      | Noticed Eustachio
  4662 | D:4      | Found a staircase to the Ecumenical Temple.
  4741 | D:4      | Found a broken altar of Ashenzari.
  4749 | D:4      | Found a sparkling altar of Nemelex Xobeh.
  4752 | D:4      | Found an opulent altar of Gozag.
  4953 | D:4      | Killed Eustachio
  4954 | D:4      | Reached skill level 5 in Spellcasting
  4954 | D:4      | Reached skill level 1 in Invocations
  4954 | D:4      | Reached XP level 7. HP: 21/49 MP: 0/0
  4954 | D:4      | Learned a level 3 spell: Frozen Ramparts
  5183 | D:5      | Entered Level 5 of the Dungeon
  5606 | D:5      | Noticed Sigmund
  5616 | D:5      | Killed Sigmund
  5690 | D:5      | Reached XP level 8. HP: 49/56 MP: 0/0
  6018 | D:5      | Found a shadowy altar of Dithmenos.
  6156 | D:6      | Noticed Maggie
  6575 | D:6      | Noticed a hornet
  6580 | D:6      | Killed a hornet
  7290 | D:6      | Killed Maggie
  7291 | D:6      | Reached XP level 9. HP: 20/63 MP: 0/0
  7291 | D:6      | Learned a level 4 spell: Sticky Flame
  7730 | D:6      | Found Dulued's General Store.
  7734 | D:6      | Bought a scroll of identify for 22 gold pieces
  8304 | D:7      | Reached *** piety under Lugonu
  8371 | D:7      | Found a bloodstained altar of Trog.
  9275 | D:7      | Reached skill level 5 in Fighting
  9527 | D:8      | Reached XP level 10. HP: 25/70 MP: 0/0
 10224 | D:8      | Found a runed translucent gate.
 10224 | D:8      | Found a runed translucent gate.
 10224 | D:8      | Found a runed translucent gate.
 10225 | D:8      | Noticed a red ugly thing
 10225 | D:8      | Noticed a red ugly thing
 10226 | D:8      | Noticed a cyan ugly thing
 10227 | D:8      | Noticed a green ugly thing
 10228 | D:8      | Noticed a cyan ugly thing
 10229 | D:8      | Noticed a brown ugly thing
 11346 | D:9      | Reached skill level 5 in Invocations
 11398 | D:9      | Found a staircase to the Orcish Mines.
 11456 | D:9      | Noticed a two-headed ogre
 11489 | D:9      | Killed a two-headed ogre
 11866 | D:9      | Noticed Maurice
 11871 | D:9      | Killed Maurice
 12040 | D:9      | Noticed Joseph
 12105 | D:9      | Killed Joseph
 12280 | D:9      | Found a shimmering altar of Xom.
 12317 | D:9      | Reached XP level 11. HP: 56/76 MP: 0/0
 12317 | D:9      | Learned a level 5 spell: Summon Mana Viper
 12395 | D:9      | Reached skill level 5 in Dodging
 12395 | D:9      | Reached skill level 10 in Spellcasting
 12558 | D:9      | Reached **** piety under Lugonu
 12826 | D:9      | Noticed Grum
 12829 | D:9      | Killed Grum
 12929 | D:9      | Found Zageec's General Store.
 13638 | D:10     | Entered Level 10 of the Dungeon
 13641 | D:10     | Identified a scroll of acquirement
 13641 | D:10     | Acquired 902 gold pieces
 13710 | D:9      | Bought the +4 moon troll leather armour {Spirit, Regen++
                  | MP+5} for 763 gold pieces
 13710 | D:9      | Found the +4 moon troll leather armour {Spirit, Regen++
                  | MP+5}
 13755 | D:10     | Noticed a boulder beetle
 13755 | D:10     | Noticed a skeletal warrior
 13849 | D:10     | Found an ornate altar of the Wu Jian Council.
 13998 | D:10     | Found a staircase to the Lair.
 14003 | D:10     | Found a flagged portal.
 14033 | Bailey   | Entered a bailey
 14119 | Bailey   | Noticed an orc knight
 14200 | Bailey   | Noticed an orc knight
 14200 | Bailey   | Noticed an orc knight
 14210 | Bailey   | Killed an orc knight
 14226 | Bailey   | Killed an orc knight
 14275 | Bailey   | Killed an orc knight
 14401 | D:10     | Noticed a two-headed ogre
 14407 | D:10     | Killed a two-headed ogre
 14490 | D:10     | Found a sacrificial altar of Ru.
 14518 | D:10     | Killed a skeletal warrior
 14519 | D:10     | Reached skill level 1 in Shields
 14540 | D:10     | Noticed a rakshasa
 14553 | D:10     | Killed a rakshasa
 14676 | Lair:1   | Entered Level 1 of the Lair of Beasts
 14867 | D:10     | Killed a boulder beetle
 14868 | D:10     | Reached XP level 12. HP: 56/85 MP: 0/0
 14929 | Lair:1   | Noticed Erica
 14959 | Lair:1   | Killed Erica
 15050 | Lair:1   | Noticed a seven-headed hydra
 15055 | Lair:1   | Killed a seven-headed hydra
 15134 | Lair:1   | Noticed Harold
 15142 | Lair:1   | Killed Harold
 15347 | Lair:1   | Reached ***** piety under Lugonu
 16283 | Lair:2   | Reached XP level 13. HP: 72/92 MP: 0/0
 16283 | Lair:2   | Learned a level 5 spell: Silence
 16487 | Lair:2   | Found a sacrificial altar of Ru.
 16624 | Lair:2   | Noticed a five-headed hydra
 16657 | Lair:2   | Killed a five-headed hydra
 16666 | Lair:2   | Identified the +5 ring mail of Domyfuez {rCorr}
 17206 | Lair:3   | Noticed a boulder beetle
 17218 | Lair:3   | Killed a boulder beetle
 17223 | Lair:3   | Found a hole to the Spider Nest.
 17245 | Lair:3   | Found a gate leading to a gauntlet.
 17254 | Gauntlet | Entered a Gauntlet
 17254 | Gauntlet | Found a transporter.
 17254 | Gauntlet | Found a transporter.
 17255 | Gauntlet | Noticed a catoblepas
 17265 | Gauntlet | Found a transporter.
 17266 | Gauntlet | Found a transporter.
 17280 | Gauntlet | Found a transporter.
 17285 | Gauntlet | Found a transporter.
 17288 | Gauntlet | Noticed a great orb of eyes
 17292 | Gauntlet | Found a transporter.
 17308 | Gauntlet | Found a transporter.
 17312 | Gauntlet | Found a transporter.
 17332 | Gauntlet | Found a transporter.
 17344 | Gauntlet | Found a transporter.
 17348 | Gauntlet | Found a transporter.
 17510 | Gauntlet | Identified the amulet "Kiedup" {Spirit rPois Str-3 Int+7}
 17643 | Gauntlet | Noticed a minotaur
 17667 | Gauntlet | Killed a minotaur
 17717 | Gauntlet | Identified the ring "Jumiasi" {Fire Dex+4}
 17805 | Lair:3   | Found a frozen archway.
 17814 | IceCv    | Entered an ice cave
 17824 | IceCv    | Reached skill level 5 in Shields
 18023 | IceCv    | Reached XP level 14. HP: 101/101 MP: 0/0
 18113 | IceCv    | Noticed a frost giant
 18134 | IceCv    | Killed a frost giant
 18141 | IceCv    | Reached XP level 15. HP: 58/106 MP: 0/0
 18141 | IceCv    | Learned a level 6 spell: Statue Form
 18292 | IceCv    | Reached ****** piety under Lugonu
 19407 | Lair:3   | Reached skill level 10 in Fighting
 20325 | Lair:4   | Found a runed translucent door.
 20343 | Lair:4   | Found a shimmering altar of Xom.
 20343 | Lair:4   | Noticed Fyibin's ghost (journeyman DrFE)
 20660 | Lair:4   | Found a staircase to the Shoals.
 20987 | Lair:4   | Killed Fyibin's ghost
 20992 | Lair:4   | Identified the ring "Zuluon" {Fly rN++ AC+4 Str-4 Slay+2}
 21181 | Lair:5   | Identified the +8 halberd "Onychole" {venom, rElec Dex+6
                  | SInv}
 22056 | Lair:6   | Entered Level 6 of the Lair of Beasts
 22227 | Lair:6   | Noticed Nessos
 22239 | Lair:6   | Killed Nessos
 22243 | Lair:6   | Reached XP level 16. HP: 58/114 MP: 0/0
 22338 | Lair:6   | Reached skill level 15 in Spellcasting
 22898 | Lair:6   | Found a runed translucent door.
 22901 | Lair:6   | Found a viscous altar of Jiyva.
 22902 | Lair:6   | Noticed an acid blob
 22904 | Lair:6   | Found a staircase to the Slime Pits.
 23321 | Lair:6   | Reached skill level 10 in Invocations
 24335 | D:3      | Killed Natasha
 24441 | D:3      | Found a corrupted altar of Lugonu.
 24442 | D:3      | Noticed Natasha
 24444 | D:3      | Killed Natasha
 24761 | D:3      | Noticed Natasha
 24764 | D:3      | Killed Natasha
 24824 | D:3      | Found a corrupted altar of Lugonu.
 25242 | D:8      | Found a runed translucent gate.
 25242 | D:8      | Found a runed translucent gate.
 25247 | D:8      | Noticed Valamore's ghost (novice HOMo)
 25248 | D:8      | Found a runed translucent gate.
 25371 | D:10     | Reached skill level 10 in Dodging
 26185 | D:11     | Found Siuwnabuho's Book Emporium.
 26371 | D:11     | Noticed Fannar
 26377 | D:11     | Killed Fannar
 26654 | D:12     | Found Jiwnunes's Distillery.
 27118 | D:12     | Noticed Urug
 27131 | D:12     | Killed Urug
 27445 | Orc:1    | Entered Level 1 of the Orcish Mines
 27458 | Orc:1    | Noticed Jorgrun
 27463 | Orc:1    | Killed Jorgrun
 27565 | Orc:2    | Entered Level 2 of the Orcish Mines
 27818 | Orc:1    | Reached XP level 17. HP: 117/120 MP: 0/0
 27818 | Orc:1    | Learned a level 7 spell: Summon Hydra
 28320 | Orc:2    | Found a staircase to the Elven Halls.
 28350 | Orc:2    | Found a runed translucent gate.
 28350 | Orc:2    | Found a runed translucent gate.
 28350 | Orc:2    | Found a runed translucent gate.
 28374 | Orc:2    | Noticed pesado's ghost (novice DsVM)
 28375 | Orc:2    | Noticed kudzoo's ghost (journeyman TrHu)
 28755 | Orc:2    | Found Gaessij's Magic Scroll Emporium.
 28755 | Orc:2    | Found Tucear's Book Shop.
 28757 | Orc:2    | Found Weqoud's Distillery.
 28757 | Orc:2    | Found Qeseaph's General Store.
 28764 | Orc:2    | Bought a scroll of teleportation for 54 gold pieces
 29106 | Orc:2    | Killed kudzoo's ghost
 29109 | Orc:2    | Killed pesado's ghost
 29631 | D:13     | Found a portal to a secret trove of treasure.
 30104 | D:13     | Found a gate to the Vaults.
 30751 | D:14     | Noticed Frances
 30757 | D:14     | Killed Frances
 30855 | D:14     | Found a runed translucent door.
 30856 | D:14     | Noticed cbfl8's ghost (journeyman MiBe)
 31696 | D:14     | Found a sparkling altar of Nemelex Xobeh.
 32148 | D:14     | Killed cbfl8's ghost
 32197 | D:15     | Entered Level 15 of the Dungeon
 32614 | D:15     | Reached XP level 18. HP: 102/129 MP: 0/0
 33406 | D:15     | Found a staircase to the Depths.
 33847 | Spider:1 | Entered Level 1 of the Spider Nest
 35213 | Spider:2 | Identified the +8 falchion "Isilud" {protect, rElec rN+
                  | Will++}
 35817 | Spider:3 | Reached skill level 1 in Long Blades
 35817 | Spider:3 | Reached skill level 10 in Shields
 35901 | Spider:3 | Noticed Azrael
 35907 | Spider:3 | Killed Azrael
 36238 | Spider:3 | Reached XP level 19. HP: 126/135 MP: 0/0
 36238 | Spider:3 | Learned a level 7 spell: Haunt
 36629 | Shoals:1 | Entered Level 1 of the Shoals
 37929 | Shoals:2 | Noticed Aizul
 37943 | Shoals:2 | Killed Aizul
 39423 | Shoals:3 | Found a runed translucent gate.
 39424 | Shoals:3 | Found a runed translucent gate.
 39425 | Shoals:3 | Found a runed translucent gate.
 40102 | Elf:1    | Entered Level 1 of the Elven Halls
 40102 | Elf:1    | Found a runed translucent gate.
 40102 | Elf:1    | Found a runed translucent gate.
 40102 | Elf:1    | Found a runed translucent gate.
 40102 | Elf:1    | Found a runed translucent gate.
 40102 | Elf:1    | Found a runed translucent gate.
 40102 | Elf:1    | Found a runed translucent gate.
 40129 | Elf:1    | Found a runed translucent door.
 40152 | Elf:1    | Found a runed translucent door.
 40576 | Elf:1    | Reached XP level 20. HP: 118/143 MP: 0/0
 41965 | Elf:2    | Found a huge runed translucent gate.
 41965 | Elf:2    | Found a huge runed translucent gate.
 41965 | Elf:2    | Found a huge runed translucent gate.
 41970 | Elf:2    | Found a huge runed translucent gate.
 41970 | Elf:2    | Found a huge runed translucent gate.
 42146 | Elf:3    | Entered Level 3 of the Elven Halls
 42178 | Elf:3    | Noticed Saint Roka
 42185 | Elf:3    | Killed Saint Roka
 42295 | Elf:3    | Found Ogye's Distillery.
 42408 | Elf:3    | Found Inentaev's Armour Shop.
 43147 | Elf:3    | Reached skill level 5 in Long Blades
 43619 | Elf:3    | Noticed a Hell Sentinel
 43823 | Elf:3    | Noticed an Ice Fiend
 44109 | Elf:3    | Identified the ring of Ekkef {rPois MP+9 Int+3 Slay-6 SInv}
 44252 | Elf:3    | Reached XP level 21. HP: 134/150 MP: 0/0
 44252 | Elf:3    | Learned a level 7 spell: Malign Gateway
 44553 | Elf:3    | Identified the +7 shortbow of the Real Monster {flame,
                  | Stlth+}
 44561 | Elf:3    | Identified the +10 arbalest "Zycocyl" {flame, Int+4}
 44567 | Elf:3    | Identified the +2 falchion of Yduciot {elec, rCorr}
 44572 | Elf:3    | Identified the +1 plate armour "Taul" {Fly MP+9 Int-5}
 45666 | Spider:4 | Entered Level 4 of the Spider Nest
 45975 | Spider:4 | Noticed Asterion
 46714 | Spider:4 | Killed Asterion
 46827 | Spider:4 | Identified the +3 pair of boots "Hesyg" {rN+ Will- Stlth+}
 47282 | Spider:4 | Got a gossamer rune of Zot
 47818 | Shoals:4 | Entered Level 4 of the Shoals
 47850 | Shoals:4 | Identified the +9 plate armour "Pehiy" {Str-4 Int+4 Dex+7}
 47859 | Shoals:4 | Identified Roxanne's Incunabulum of Transmutation
 47859 | Shoals:4 | Noticed Roxanne
 48221 | Shoals:4 | Killed Roxanne
 48854 | Shoals:4 | Got a barnacled rune of Zot
 49973 | Vaults:1 | Entered Level 1 of the Vaults
 50547 | Vaults:1 | Reached XP level 22. HP: 147/158 MP: 0/0
 51291 | Vaults:1 | Reached XP level 23. HP: 164/164 MP: 0/0
 51291 | Vaults:1 | Learned a level 8 spell: Ignition
 51389 | Vaults:1 | Found Ziots's Armour Emporium.
 54576 | Vaults:3 | Found a staircase to the Crypt.
 54967 | Vaults:3 | Reached XP level 24. HP: 133/172 MP: 0/0
 56143 | Vaults:4 | Found a runed translucent gate.
 56143 | Vaults:4 | Found a runed translucent gate.
 56144 | Vaults:4 | Found a runed translucent gate.
 56350 | Vaults:4 | Noticed jjjjhere's ghost (adept MiWz)
 57002 | Vaults:4 | Reached skill level 15 in Fighting
 57136 | Vaults:4 | Found an iron altar of Okawaru.
 57156 | Vaults:4 | Killed jjjjhere's ghost
 57227 | Vaults:4 | Identified the +2 pair of boots of Exclusion {Will++}
 57672 | Depths:1 | Entered Level 1 of the Depths
 57897 | Depths:1 | Identified the +3 scale mail of an ice cave {+Blink rF++
                  | Regen+ Str-4}
 58132 | Depths:1 | Found a gateway to Hell.
 58975 | Depths:1 | Found a glowing silver altar of Zin.
 59021 | Depths:1 | Found a one-way gateway to a ziggurat.
 59245 | Depths:2 | Noticed Nikola
 59252 | Depths:2 | Killed Nikola
 59595 | Depths:2 | Identified the +7 mace of Magnificence {drain, Int+2}
 59851 | Depths:2 | Found a one-way gate leading to the halls of Pandemonium.
 59995 | Depths:2 | Noticed a golden dragon
 60000 | Depths:2 | Killed a golden dragon
 60003 | Depths:2 | Reached XP level 25. HP: 155/181 MP: 0/0
 60003 | Depths:2 | Learned a level 8 spell: Summon Horrible Things
 60269 | Depths:2 | Reached skill level 15 in Shields
 60731 | Depths:2 | Noticed Bai Suzhen
 60746 | Depths:2 | Killed Bai Suzhen
 60917 | Depths:2 | Identified the +4 short sword of Mur Maxt {vorpal, Str-2
                  | Int+8 Stlth+}
 61254 | Depths:2 | Found a one-way gate to the infinite horrors of the Abyss.
 62942 | Depths:3 | Identified the +13 crystal plate armour "Fudargh" {Will+
                  | Int+7}
 62945 | Depths:3 | Identified the +2 mace "Ocworech" {protect, rPois Str+2}
 62981 | Depths:3 | Identified the ring "Soujis" {Fire Will+ rCorr}
 63068 | Depths:3 | Identified the +1 ring mail of Enikudgh {Regen+ Str-5 SInv}
 63528 | Depths:4 | Entered Level 4 of the Depths
 63818 | Depths:4 | Found Hiseur's Assorted Antiques.
 64851 | Depths:4 | Reached XP level 26. HP: 169/193 MP: 0/0
 65142 | Depths:4 | Found a gate to the Realm of Zot.
 65834 | Crypt:1  | Entered Level 1 of the Crypt
 66085 | Crypt:1  | Identified the +1 scale mail of a bailey {Rampage rElec
                  | rPois SInv}
 67908 | Crypt:3  | Entered Level 3 of the Crypt
 68143 | Crypt:3  | Reached skill level 10 in Long Blades
 68781 | Crypt:3  | Noticed a dread lich
 68788 | Crypt:3  | Killed a dread lich
 68868 | Crypt:3  | Found a basalt altar of Yredelemnul.
 68934 | Crypt:3  | Found a staircase to the Tomb.
 69878 | Crypt:3  | Found a basalt altar of Yredelemnul.
 69961 | Crypt:3  | Found a staircase to the Tomb.
 70504 | Tomb:1   | Entered Level 1 of the Tomb of the Ancients
 70678 | Tomb:1   | Reached XP level 27. HP: 196/205 MP: 0/0
 70678 | Tomb:1   | Learned a level 9 spell: Fire Storm
 71431 | Vaults:5 | Entered Level 5 of the Vaults
 71874 | Vaults:5 | Identified the +10 shortbow of Hunibloh {speed, *Corrode
                  | rF++ MP+9 Int+4}
 71878 | Vaults:5 | Got a silver rune of Zot
 72065 | Vaults:5 | Identified the ring of Pam Himm {Wiz Fly Str+4}
 72338 | Vaults:5 | Identified the +2 plate armour "Jinigar" {MP+9}
 72864 | Vaults:5 | Found Qagesunn's Antique Weapon Boutique.
 73035 | Vaults:5 | Gained mutation: You sometimes lose the ability to read
                  | scrolls when taking damage. [mutagenic glow]
 73287 | Vaults:5 | Identified the ring "Woomuna" {EV+4 Slay+6} (You took it
                  | off an ironbound convoker on level 5 of the Vaults)
 73430 | Vaults:5 | Identified the +11 morningstar of Fybrunay {vorpal, Stlth+}
 73660 | Vaults:5 | Identified the +2 hand crossbow of Eternal Vigilance
                  | {penet, Stlth+}
 74046 | Vaults:5 | Found Qagesunn's Antique Weapon Boutique.
 75159 | D:8      | Killed Valamore's ghost
 76086 | Slime:1  | Entered Level 1 of the Pits of Slime
 76399 | Slime:5  | Entered Level 5 of the Pits of Slime
 76415 | Slime:5  | Noticed the Royal Jelly
 76418 | Slime:5  | Killed the Royal Jelly
 76788 | Slime:5  | Identified the +2 robe "Tuengue" {Contam Str+6}
 76797 | Slime:5  | Identified the +1 leather armour of Enormous Lucidity
                  | {Contam rElec rN+ Int+3}
 76812 | Slime:5  | Identified the amulet "Saanivosm" {RegenMP rF+ rN+ SInv}
 76833 | Slime:5  | Got a slimy rune of Zot
 77365 | D:9      | Bought a scroll of enchant armour for 105 gold pieces
 77500 | Orc:2    | Bought a potion of haste for 140 gold pieces
 77500 | Orc:2    | Bought a potion of cancellation for 112 gold pieces
 77500 | Orc:2    | Bought a potion of mutation for 112 gold pieces
 77500 | Orc:2    | Bought a potion of curing for 42 gold pieces
 77500 | Orc:2    | Bought a potion of brilliance for 56 gold pieces
 77500 | Orc:2    | Bought a potion of heal wounds for 70 gold pieces
 77500 | Orc:2    | Bought a potion of ambrosia for 112 gold pieces
 77501 | Orc:2    | Bought a scroll of teleportation for 42 gold pieces
 77508 | Orc:2    | Bought a scroll of fear for 63 gold pieces
 77635 | Elf:3    | Bought a potion of invisibility for 152 gold pieces
 77635 | Elf:3    | Bought a potion of invisibility for 152 gold pieces
 77635 | Elf:3    | Bought a potion of heal wounds for 95 gold pieces
 77635 | Elf:3    | Bought a potion of mutation for 152 gold pieces
 77635 | Elf:3    | Bought a potion of brilliance for 76 gold pieces
 77801 | D:12     | Bought a potion of mutation for 104 gold pieces
 77801 | D:12     | Bought a potion of mutation for 104 gold pieces
 77801 | D:12     | Bought a potion of might for 52 gold pieces
 77801 | D:12     | Bought a potion of invisibility for 104 gold pieces
 77801 | D:12     | Bought a potion of curing for 39 gold pieces
 77953 | Depths:4 | Bought a potion of resistance for 350 gold pieces
 77953 | Depths:4 | Bought a potion of might for 140 gold pieces
 78021 | Zot:1    | Entered Level 1 of the Realm of Zot
 78330 | Zot:1    | Lost mutation: You sometimes lose the ability to read
                  | scrolls when taking damage. [potion of mutation]
 78330 | Zot:1    | Gained mutation: You are frail. (-10% HP) [potion of
                  | mutation]
 78330 | Zot:1    | Gained mutation: Your body sometimes deteriorates upon
                  | taking damage. [potion of mutation]
 78330 | Zot:1    | Gained mutation: You are strong-willed. (Will+) [potion of
                  | mutation]
 78331 | Zot:1    | Lost mutation: You are strong-willed. (Will+) [potion of
                  | mutation]
 78331 | Zot:1    | Lost mutation: You are frail. (-10% HP) [potion of
                  | mutation]
 78331 | Zot:1    | Gained mutation: Your flesh is almost immune to the effects
                  | of heat. (rF+++) [potion of mutation]
 78353 | Zot:1    | Lost mutation: Your body sometimes deteriorates upon taking
                  | damage. [potion of mutation]
 78353 | Zot:1    | Lost mutation: Your flesh is almost immune to the effects
                  | of heat. (rF+++) [potion of mutation]
 78353 | Zot:1    | Gained mutation: You have a beak for a mouth. [potion of
                  | mutation]
 78353 | Zot:1    | Gained mutation: You are clumsy. (Dex -2) [potion of
                  | mutation]
 78353 | Zot:1    | Gained mutation: Your body sometimes deteriorates upon
                  | taking damage. [potion of mutation]
 78354 | Zot:1    | Lost mutation: You are clumsy. (Dex -2) [potion of
                  | mutation]
 78354 | Zot:1    | Lost mutation: You have a beak for a mouth. [potion of
                  | mutation]
 78354 | Zot:1    | Gained mutation: You have a pair of small antennae on your
                  | head. [potion of mutation]
 78354 | Zot:1    | Gained mutation: You are agile. (Dex +2) [potion of
                  | mutation]
 78355 | Zot:1    | Lost mutation: Your body sometimes deteriorates upon taking
                  | damage. [potion of mutation]
 78355 | Zot:1    | Lost mutation: You have a pair of small antennae on your
                  | head. [potion of mutation]
 78355 | Zot:1    | Gained mutation: You are very agile. (Dex +4) [potion of
                  | mutation]
 78355 | Zot:1    | Gained mutation: You have a pair of small horns on your
                  | head. [potion of mutation]
 80440 | Zot:2    | Killed a Killer Klown
 80514 | Zot:2    | Noticed an orb of fire
 80520 | Zot:2    | Gained mutation: You possess an exceptional clarity of
                  | mind. [an orb of fire]
 80523 | Zot:2    | Killed an orb of fire
 80592 | Zot:2    | Noticed a Killer Klown
 80604 | Zot:2    | Killed a Killer Klown
 82883 | Zot:4    | Found a runed translucent door.
 82887 | Zot:4    | Noticed Vihagaha's ghost (master DjCj)
 83802 | Zot:4    | Killed Vihagaha's ghost
 84115 | D:13     | You paid a toll of 8 potions of haste to enter a treasure
                  | trove
 84116 | Trove    | Entered a treasure trove
 84136 | Trove    | Identified the +4 double sword of Buonal {freeze, rN+}
 84803 | Zot:5    | Entered Level 5 of the Realm of Zot
 85239 | Zot:5    | Noticed a dread lich
 85242 | Zot:5    | Killed a dread lich
 85294 | Zot:5    | Identified the +6 fustibalus of Umpifen {flame, rF+ Str+3}
 85448 | Zot:5    | Noticed an orb of fire
 85448 | Zot:5    | Noticed a dread lich
 85448 | Zot:5    | Noticed an orb of fire
 85452 | Zot:5    | Killed a dread lich
 85455 | Zot:5    | Killed an orb of fire
 85455 | Zot:5    | Killed an orb of fire
 85517 | Zot:5    | Noticed an orb of fire
 85524 | Zot:5    | Noticed a Killer Klown
 85525 | Zot:5    | Killed an orb of fire
 85534 | Zot:5    | Killed a Killer Klown
 85556 | Zot:5    | Noticed an orb of fire
 85557 | Zot:5    | Noticed a dread lich
 85560 | Zot:5    | Noticed a dread lich
 85561 | Zot:5    | Killed an orb of fire
 85562 | Zot:5    | Noticed an orb of fire
 85563 | Zot:5    | Killed a dread lich
 85564 | Zot:5    | Killed a dread lich
 85568 | Zot:5    | Noticed an orb of fire
 85570 | Zot:5    | Killed an orb of fire
 85606 | Zot:5    | Noticed an orb of fire
 85943 | Zot:5    | Killed an orb of fire
 85965 | Zot:5    | Killed an orb of fire
 86152 | Zot:5    | Noticed an ancient lich
 86157 | Zot:5    | Killed an ancient lich
 86340 | Zot:5    | Noticed a Killer Klown
 86345 | Zot:5    | Killed a Killer Klown
 86829 | Zot:5    | Got the Orb of Zot
 86846 | Zot:5    | Noticed Maodemeg the pandemonium lord
 86875 | Zot:5    | Noticed a seraph
 87386 | D:1      | Woot!
 87387 | D:$      | Escaped with the Orb!

Illustrated notes

....##...# #.##P≈≈#
######.### #≈PP##.#
.....#.# #P≈P##.#
######.#####≈≈P...#
#...≈P≈#####.#
###.##≈PP# #.#
####.#.##P≈P# ###.#
.....#P≈P##.# #...#
######≈≈P##.###.@.#
#≈P≈.........#
##############


Turn 87386 on D:1: Woot!

Levels and vault maps discovered:
D:1:      psy_arrival_conway, layout_loops_ring, chequers_serial_rivers_small_b
D:2:      layout_basic, minmay_strange_pillars
D:3:      layout_rooms, shapermc_ecumenical_altar_notcrosses,
          minmay_starry_boxes, uniq_natasha
D:4:      layout_basic, minitemple, minmay_temple_entry_hall, uniq_eustachio
D:5:      layout_basic, mainiacjoe_overflow_alcove_4, grunt_ministairs_9,
          roderic_st_hans_cross, uniq_sigmund
D:6:      layout_loops_corners, serial_shops, nicolae_shop_behind_doors,
          uniq_maggie
D:7:      layout_basic, trog_butcher_becter
D:8:      layout_loops_corners, ploomutoo_gammafunk_ghost_potion_laboratory
D:9:      layout_gridville, lemuel_doored_altar, david_orc_2, serial_shops,
          shop, uniq_grum, uniq_joseph, uniq_maurice
D:10:     layout_layer_cave, nzn_wu_jian_council_hall,
          nicolae_ru_great_annihilating_truth, lair_entry_dummy, enter_bailey_3,
          kb_rosetta
D:11:     layout_gridville, serial_shops, nicolae_square_shop, uniq_fannar
D:12:     layout_rooms, serial_shops, nicolae_stop_n_shop_1, uniq_urug
D:13:     layout_basic, grunt_vaults_entry_fortified,
          nicolae_trove_entry_free_sample, drop_trap
D:14:     minmay_triangles_in_corner, layout_cave_pods,
          nemelex_diamond_rough_becter, ebering_ghost_inner_flame, uniq_frances
D:15:     hangedman_depths_entry_try_elsewhere_first, layout_basic
Lair:1:   layout_cave_pods, grunt_megastairs_2, uniq_harold, uniq_erica
Lair:2:   layout_regular_city, basic_altar, lemuel_fruit_tree,
          serial_bayou_shore_a, grunt_megastairs_1
Lair:3:   layout_roguey, nicolae_spider_entry_non_spiders,
          portal_ice_cave_demonic_guard, gauntlet_entry_generic,
          nicolae_volcano_entry_s_turn
Lair:4:   layout_regular_city, elwin_shoals_entry_rooms, ebering_ghost_xom,
          infiniplex_staircase_pool_2
Lair:5:   layout_gridlike, serial_bayou_pond_b
Lair:6:   evilmike_catoblepas_cave, layout_small_grid, slime_altar_2,
          chequers_serial_rivers_micro_d, pond, uniq_nessos
Shoals:1: layout_shoals, nicolae_shoals_undead_eyrie
Shoals:2: layout_shoals, nicolae_shoals_nymph_descending_staircase, uniq_aizul
Shoals:3: layout_shoals, nicolae_shoals_beach_cooler
Shoals:4: shoals_end_simple, layout_shoals, uniq_roxanne
Spider:1: layout_spider_delve, hangedman_spider_tarantella_strand
Spider:2: layout_spider_delve, nicolae_spider_paper_wasps
Spider:3: layout_spider_delve, uniq_azrael
Spider:4: guppyfry_spider_rune, uniq_asterion
Slime:1:  layout_caves
Slime:2:  layout_caves
Slime:3:  layout_caves
Slime:4:  layout_caves
Slime:5
Orc:1:    layout_caves, minmay_orc_temple_b, uniq_jorgrun
Orc:2:    grunt_orc_tribal_feast, layout_diamond_mine, gammafunk_ghost_cemetery
Elf:1:    nicolae_elf_arrival_dilemma, layout_geoelf_octagon,
          hangedman_elven_crosses_minicolossus, nicolae_elf_glassroom_feature
Elf:2:    elven_hall_of_blades_hangedman_alternative [mumra_blade_entry_dagger],
          layout_geoelf_diagonals
Elf:3:    elf_hall, layout_geoelf_castle, basic_altar, serial_shops, shop,
          nicolae_shop_advertising_works [nicolae_subvault_shop_adworks],
          uniq_saint_roka
Vaults:1: nicolae_vaults_network_s, grunt_vaults_bifocal,
          nicolae_vaults_fighting_squares, grunt_vaults_swirl,
          vaults_mumra_chevron_long, nicolae_vaults_disjoint_gnomons,
          ontoclasm_vaults_fault, v_rooms_3, layout_vaults_omnibox,
          serial_shops, nicolae_shop_temple_entry_statues_fountains
Vaults:2: ontoclasm_vaults_hangar, v_misc_13, nicolae_vaults_theta,
          vaults_room_stairs_pillars, ontoclasm_vaults_gateway,
          ontoclasm_vaults_tryst, nicolae_vaults_little_squares_3,
          layout_vaults_omnigrid
Vaults:3: nicolae_vaults_specimen_jars, hangedman_vaults_stream, v_rooms_2,
          nicolae_vaults_three_branches, vaults_room_hallway,
          nicolae_vaults_triangles, vaults_room_fancy_cross,
          hangedman_vaults_capsules, blue_anna_dwarven_crypt,
          ontoclasm_vaults_spin, grunt_vaults_hallway_short,
          ontoclasm_vaults_loading_screen, vaults_dpeg_hooks,
          nicolae_vaults_little_squares_3, nicolae_vaults_angled_halls,
          ontoclasm_vaults_decontamination, layout_vaults_maze_bifur
Vaults:4: gammafunk_ghost_fury_of_okawaru, v_misc_23, vaults_room_hallway,
          vaults_room_fours, nicolae_vaults_angled_halls, v_misc_10,
          nicolae_vaults_circle_grid_b, v_misc_18, v_misc_13,
          nicolae_vaults_little_ls, vaults_room_corners, layout_vaults_big_room
Vaults:5
Crypt:1:  layout_regular_city, grunt_crypt_arrival_webbed, grunt_megastairs_5
Crypt:2:  layout_chaotic_city
Crypt:3:  cryptofortress_bobbens
Tomb:1
Depths:1: layout_basic, enter_ziggurat_e, grunt_mini_vestibule,
          minmay_misc_feat_doors, zin_scriptorium
Depths:2: hangedman_box_tower, layout_long_grid, pan_entry, hell_entry,
          minmay_misc_feat_nine_boxes, minmay_room_of_horrors,
          nicolae_kikubaaqudgha_miasma_corner, infiniplex_staircase_river,
          uniq_bai_suzhen, uniq_nikola
Depths:3: radiant_caverns_b_rkd, hell_entry, abyss_entry
Depths:4: evilmike_zot_entry_gauntlet, layout_honeycomb,
          pf_hell_entry_tar_river, serial_shops, shop
Zot:1:    layout_misc_corridors, bh_zot_lava_cross
Zot:2:    grunt_deathspiral_small, layout_concentric_octagons
Zot:3:    layout_gridlike, hangedman_zot_diagonal_lockstep
Zot:4:    layout_cathedral_of_symmetry, hellmonk_ghost_happy_afterlife,
          zot_minivault_4
Zot:5:    layout_twisted_circle

Skill      XL: |  1  2  3  4  5  6  7  8  9 10 11 12 13 14 15 16 17 18 19 20 21 22 23 24 25 26 27 |
---------------+----------------------------------------------------------------------------------+-----
Spellcasting   | 3 4 5 6 7 8 9 11 12 13 14 16 17 18 19 20 21 22 23 24 26 | 26.0
Fighting       | 1 2 3 4 5 6 7 8 9 10 11 12 13 14 15 17 20 26 | 26.3
Invocations    | 1 2 3 4 5 6 7 8 9 10 | 10.5
Dodging        | 3 4 6 7 8 9 10 11 12 13 | 13.7
Shields        | 1 3 6 7 8 9 10 11 12 13 14 15 17 | 17.7
Armour         | 3 4 |  4.0
Long Blades    | 1 3 5 6 7 8 10 14 | 14.0
Stealth        | |  1.5

Action                   |  1- 3 |  4- 6 |  7- 9 | 10-12 | 13-15 | 16-18 | 19-21 | 22-24 | 25-27 || total
-------------------------+-------+-------+-------+-------+-------+-------+-------+-------+-------++-------
Melee: Short sword       |       |     6 |     7 |     5 |       |       |       |       |       ||    18
       Punch             |       |       |       |     1 |       |       |       |       |       ||     1
       Staff             |       |       |       |       |       |     3 |       |       |       ||     3
       Falchion          |       |       |       |       |       |       |     6 |    10 |    13 ||    29
       Headbutt          |       |       |       |       |       |       |       |       |     2 ||     2
 Cast: Shock             |    76 |   135 |    52 |    20 |     3 |     2 |     1 |     6 |       ||   295
       Static Discharge  |       |     4 |     2 |     5 |       |    18 |       |       |       ||    29
       Frozen Ramparts   |       |       |     3 |     1 |     1 |       |       |       |       ||     5
       Airstrike         |       |       |    67 |   298 |   413 |   808 |   481 |   187 |   195 ||  2449
       Animate Skeleton  |       |       |     2 |     8 |    18 |    28 |     4 |    11 |     4 ||    75
       Sticky Flame      |       |       |     4 |     7 |    50 |    59 |    46 |    20 |    18 ||   204
       Summon Mana Viper |       |       |       |    31 |    97 |   292 |   308 |   117 |    90 ||   935
       Swiftness         |       |       |       |       |       |     1 |     1 |       |       ||     2
       Summon Hydra      |       |       |       |       |       |   202 |   330 |   146 |   152 ||   830
       Haunt             |       |       |       |       |       |       |   289 |    37 |   168 ||   494
       Silence           |       |       |       |       |       |       |     1 |       |       ||     1
       Malign Gateway    |       |       |       |       |       |       |    27 |    43 |    87 ||   157
       Ignition          |       |       |       |       |       |       |       |   116 |   201 ||   317
       Summon Horrible T |       |       |       |       |       |       |       |       |    60 ||    60
       Fire Storm        |       |       |       |       |       |       |       |       |   486 ||   486
Invok: Banish            |       |       |       |       |       |       |       |     1 |       ||     1
Evoke: Wand              |       |       |       |       |       |       |       |       |     2 ||     2
  Use: Scroll            |       |       |     7 |     5 |     7 |     9 |     1 |       |    10 ||    39
       Potion            |       |       |       |       |     3 |       |       |     1 |    13 ||    17
 Stab: Sleeping          |       |       |     1 |       |       |       |       |       |       ||     1
       Distracted        |       |       |       |       |       |       |       |       |     1 ||     1
Armor: Robe              |       |    17 |    11 |       |       |       |       |       |       ||    28
       Steam dragon scal |       |       |     4 |     7 |       |       |       |       |       ||    11
       Troll leather arm |       |       |       |     9 |    29 |    32 |    24 |    13 |    20 ||   127
Dodge: Dodged            |     6 |    22 |    27 |    25 |    40 |    69 |    72 |    49 |   117 ||   427
Block: Other             |       |       |       |     3 |       |       |       |       |       ||     3
       Reflection        |       |       |       |     2 |     2 |    17 |    31 |    24 |    11 ||    87
       Kite shield       |       |       |       |     2 |    63 |   143 |   133 |    81 |   112 ||   534
